AoeStats
← EGthe@2nd

Arena

510038346Analyzed
1v1 RM · 2d ago on Sep 29, 2026· 53m 31s· 2 players
Game mode
Random Map
Map size
Tiny (2 player)
Population
200
Speed
Normal
Resources
Standard
Victory
Conquest
Starting age
Dark Age
Ending age
Imperial Age
RankedLock teamsTeams togetherTeam positionsShared explorationLock speedFull tech treeHidden civsTurbo modeCheats
Victory
Defeat
🇺🇸 Bohemians · United States
643
+18
🇺🇸 Jurchens · United States
680
-18
EGthe@2nd
2:49 Loom
4:36 Loom
11:25 Feudal Age
12:19 Double-Bit Axe
12:35 Horse Collar
20:00 Castle Age
22:01 Bow Saw
23:32 Chemistry
23:25 Fervor
24:52 Wheelbarrow
24:03 Town Watch
25:49 Padded Archer Armor
26:42 Hand Cart
26:45 Fletching
28:04 Town Patrol
29:45 Loom
32:39 Imperial Age
31:17 Pikeman
31:58 Squires
32:06 Murder Holes
32:36 Loom
33:00 Bodkin Arrow
33:21 Leather Archer Armor
32:58 Houfnice
35:36 Bracer
36:06 Ring Archer Armor
37:34 Conscription
37:22 Wagenburg Tactics
37:27 Hussite Reforms
37:53 Ballistics
37:23 Halberdier
47:40 Forging
47:30 Scale Mail Armor
49:08 Iron Casting
50:06 Siege Engineers
50:13 Masonry
50:14 Arson
50:05 Elite Hussite Wagon
53:49 Architecture
phalanx8710
8:56 Loom
11:35 Feudal Age
12:18 Double-Bit Axe
12:29 Gold Mining
12:47 Horse Collar
14:04 Town Watch
15:38 Wheelbarrow
18:59 Stone Mining
22:35 Castle Age
20:57 Fletching
21:35 Scale Mail Armor
23:19 Bloodlines
23:26 Padded Archer Armor
24:39 Bow Saw
25:23 Heavy Plow
28:44 Fervor
29:04 Hand Cart
30:09 Gold Shaft Mining
29:52 Murder Holes
29:41 Treadmill Crane
30:21 Ballistics
29:59 Bodkin Arrow
29:29 Crossbowman
30:44 Leather Archer Armor
29:53 Elite Skirmisher
32:01 Masonry
31:40 Light Cavalry
32:21 Husbandry
32:46 Forging
38:35 Imperial Age
36:51 Scale Barding Armor
37:22 Iron Casting
37:44 Chain Mail Armor
36:53 Pikeman
37:37 Squires
39:23 Fortified Bastions
39:44 Conscription
41:21 Chemistry
40:53 Crop Rotation
41:26 Bracer
43:28 Architecture
43:41 Siege Engineers
43:53 Halberdier
44:03 Hussar
45:47 Conscription
46:27 Ring Archer Armor
48:43 Stone Shaft Mining
49:27 Chain Barding Armor
Connection lost

Rejoining the realm…

Still unreachable

The connection could not be restored.

Session expired

The server has moved on; the page needs a fresh start.